 Dungeon Crawl Stone Soup version 0.31-a0-188-g5e087ee2ca (webtiles) character file.

Game seed: 12041400696907924463

1 lunkers the Grave Robber (level 1, -3/14 HPs)
             Began as a Meteoran Wanderer on June 23, 2023.
             Slain by a hobgoblin (4 damage)
             ... on level 1 of the Dungeon.
             The game lasted 00:00:41 (80 turns).

lunkers the Grave Robber (Meteoran Wanderer)          Turns: 80, Time: 00:00:42

Health: -3/14      AC:  2    Str: 11    XL:     1   Next: 28%
Magic:  1/3        EV: 11    Int: 13    God:
Gold:   39         SH:  0    Dex: 15    Spells: 1/2 levels left

rFire   . . .        a - +0 short sword
rCold   . . .        (no shield)
rNeg    . . .        d - +0 robe
rPois   .            (no helmet)
rElec   .            (no cloak)
rCorr   .            (no gloves)
SInv    .            (no boots)
Will    .....        (no amulet)
Stlth   +            (no ring)
HPRegen 0.22/turn    (no ring)
MPRegen 0.08/turn

%: no passive effects
@: glowing
A: sense surroundings 1, otherworldly, glowing, explore regen
a: no special abilities


You were on level 1 of the Dungeon.
You visited 1 branch of the dungeon, and saw 1 of its levels.

You collected 39 gold pieces.

Inventory:

Hand Weapons
 a - a +0 short sword (weapon)
Armour
 d - a +0 robe (worn)
Wands
 b - a wand of flame (5)
Scrolls
 c - a scroll of butterflies
Potions
 e - a potion of heal wounds {unknown}


   Skills:
 + Level 1.3 Short Blades
 - Level 1.3 Spellcasting
 - Level 5.4 Necromancy
 - Level 3.6 Evocations


You had one spell level left.
You knew the following spells:

 Your Spells              Type           Power      Damage    Failure   Level
p - Necrotise             Necr           60%        1d7       3%          1

Your spell library contained the following spells:

 Spells                   Type           Power      Damage    Failure   Level
 Sublimation of Blood     Necr           15%        N/A       4%          2
 Animate Dead             Necr           15%        N/A       28%         4


Dungeon Overview and Level Annotations

Branches:
Dungeon (1/15) Zot: 520

Altars:


Innate Abilities, Weirdness & Mutations

You passively map a small area around you.
You are easily found by Zot.
You glow in the dark.
You regain HP and MP as you explore.


Message History

No target in view!
No target in view!
A hobgoblin comes into view.
The hobgoblin shouts!
You hear an angry hiss. x2
Adjust (i)tems, (s)pells, or (a)bilities?
Adjust which spell? a - Necrotise Adjust to which letter? p - Necrotise A hobgoblin is nearby!
The hobgoblin writhes in agony.
A frilled lizard comes into view.
A hobgoblin comes into view.
You closely miss the hobgoblin.
The hobgoblin is moderately wounded.
The hobgoblin shouts!
You hear an angry hiss. x2
There are monsters nearby!
You hit the hobgoblin.
The hobgoblin is heavily wounded.
A frilled lizard comes into view.
The hobgoblin barely misses you.
A frilled lizard comes into view.
You hit the hobgoblin but do no damage.
The hobgoblin is heavily wounded.
The hobgoblin hits you.
You hit the hobgoblin but do no damage.
The hobgoblin is heavily wounded.
The hobgoblin misses you. The hobgoblin attacks as you move away!
The hobgoblin hits you.
* * * LOW HITPOINT WARNING * * *
The hobgoblin attacks as you move away! The hobgoblin hits you.
* * * LOW HITPOINT WARNING * * *
The hobgoblin attacks as you move away! The hobgoblin hits you.
* * * LOW HITPOINT WARNING * * *
The hobgoblin attacks as you move away!
The hobgoblin hits you but does no damage.
The hobgoblin attacks as you move away! The hobgoblin hits you.
* * * LOW HITPOINT WARNING * * *
The hobgoblin attacks as you move away! The hobgoblin hits you.
You die...

##.#............#
#.####
#...............# #.#,
##..#####.......#*#.
#..8#...###....#
#####......##..# , ,
#...#..###..##.# ,#
#......# .# .# .#
##'##..# # .#..#
#...#.@# + *#.#..#.
#888#.g#, , ....... ~
######l######....#..~
#..........gl.l......~
#....................
#######......#####...,
#......# #......#
#......#


You could see a hobgoblin and a frilled lizard.

Vanquished Creatures
  An endoplasm (D:1)
1 creature vanquished.

Notes
Turn   | Place    | Note
-------+----------+-------------------------------------------
     0 | D:1      | lunkers the Meteoran Wanderer began the quest for the Orb.
     0 | D:1      | lunkers set off with the following items: a +0 short sword,
                  | a wand of flame (5), a scroll of butterflies, a +0 robe;
                  | and the following spell memorised: Necrotise; and the
                  | following spells available to memorise: Sublimation of
                  | Blood, Animate Dead.
     0 | D:1      | Reached XP level 1. HP: 14/14 MP: 3/3
    80 | D:1      | Slain by a hobgoblin

Illustrated notes

Levels and vault maps discovered:
D:1:      giann_forest_graveyard, layout_basic,
          shapermc_ecumenical_altar_mp_vishouse, chequers_serial_rivers_small_b,
          minmay_lizard_pond

Action                     || total
---------------------------++-------
  Melee: Short sword       ||     4
   Cast: Necrotise         ||     3
 Armour: Robe              ||     1
  Dodge: Dodged            ||     2

Table legend: (Time is in decaauts)
 A = Elapsed time spent in this place.
 B = Non-inter-level travel time spent in this place.
 C = Inter-level travel time spent in this place.
 D = Time resting spent in this place.
 E = Time spent auto-exploring this place.
 F = Levels seen in this place.
 G = Mean time per level.
                   A        B        C        D        E       F      G
               +--------+--------+--------+--------+--------+-----+--------+
         Total |     79 |     79 |      0 |      0 |     57 |   1 |   79.0 |
       Dungeon |     79 |     79 |      0 |      0 |     57 |   1 |   79.0 |
               +--------+--------+--------+--------+--------+-----+--------+

Top non-repeatable levels by time:
     D:1: 79 daAuts
